 Dungeon Crawl Stone Soup version 0.18.1-5-g4a78601 (webtiles) character file.

9 M4edhros the Insei (level 2, -2/14 HPs)
             Began as a Vine Stalker Transmuter on May 10, 2016.
             Slain by an adder (3 damage)
             ... on level 3 of the Dungeon.
             The game lasted 00:01:22 (310 turns).

M4edhros the Insei (Vine Stalker Transmuter)         Turns: 310, Time: 00:01:23

Health: -2/14      AC:  2    Str: 12    XL:     2   Next: 12%
Magic:  0/6        EV: 12    Int: 13    God:
Gold:   60         SH:  0    Dex: 14    Spells: 1 memorised, 4 levels left

rFire  . . .     SeeInvis .       - Unarmed
rCold  . . .     Gourm    .     b - +0 robe
rNeg   . . .     Faith    .     (no shield)
rPois  .         Spirit   +     (no helmet)
rElec  .         Dismiss  .     (no cloak)
rCorr  .         Reflect  .     (no gloves)
SustAt .         Harm     .     (boots currently unavailable)
MR     .....                    (no amulet)
Stlth  +.........               (no ring)
                                (no ring)

@: lethally poisoned (-2 -> -2), appendage (expiring), not resistant to hostile
enchantments, very unstealthy
A: fangs 2, talons 3, regeneration 1, magic shield, antimagic bite, no device
heal 3, rot immunity
a: End Transformation


You were on level 3 of the Dungeon.
You were not hungry.
You had grown temporary talons.
You visited 1 branch of the dungeon, and saw 3 of its levels.

You collected 60 gold pieces.

Inventory:

Missiles
 a - 36 arrows
Armour
 b - a +0 robe (worn)
Scrolls
 f - a scroll of amnesia {unknown}
 g - a scroll of fog {unknown}
 h - a scroll of identify {unknown}
 i - a scroll of enchant armour {unknown}
 j - a scroll of enchant weapon {unknown}
 k - a scroll of teleportation {unknown}
Potions
 e - a potion of heal wounds
Books
 c - a book of Changes

   Spells                             Type                      Level
   a - Beastly Appendage              Transmutation                1
   b - Sticks to Snakes               Transmutation                2
   c - Spider Form                    Transmutation/Poison         3
   d - Ice Form                       Ice/Transmutation            4
   e - Blade Hands                    Transmutation                5
Comestibles
 d - 2 bread rations


   Skills:
 - Level 0.8 Fighting
 - Level 1.5 Dodging
 + Level 3.6 Unarmed Combat
 - Level 2.1 Spellcasting
 - Level 2.0 Transmutations


You had 4 spell levels left.
You knew the following spells:

 Your Spells              Type           Power        Failure   Level  Hunger
a - Beastly Appendage     Trmt           #.....       12%         1    ##.....


Dungeon Overview and Level Annotations

Branches:
Dungeon (3/15)

Altars:
Dithmenos


Innate Abilities, Weirdness & Mutations

You have extremely sharp teeth.
Your natural rate of healing is unusually fast.
When hurt, damage is shared between your health and your magic reserves.
Your bite disrupts and absorbs the magic of your enemies.
Potions and wands cannot restore your health.
You are immune to rotting.
You have claws for feet.


Message History

You miss the adder. Your bite misses the adder.
The adder is lightly wounded.
You feel sick. The adder completely misses you.
You miss the adder.
The adder is lightly wounded.
The adder bites you.
* * * LOW HITPOINT WARNING * * *
The adder bites you but does no damage.
You barely miss the adder. Your kick misses the adder.
The adder is lightly wounded.
The adder bites you but does no damage.
You hit the adder but do no damage. You claw the adder.
Your punch misses the adder. Your bite misses the adder.
The adder is moderately wounded.
The adder closely misses you.
You closely miss the adder. Your bite misses the adder.
The adder is moderately wounded.
* * * LOW HITPOINT WARNING * * *
You feel sick. The adder bites you.
You die...

#.....#.........#.##
#...............#.#
#.....#....(....#.#
##'####.........#.#
#.# #........)#.#
#.# ###########.#..#
#.# #.#..#
#.######### #.#..#
#.......@.# #.#..#
#########S# #.#..#
.# #.#..# # .#
#.#..##.# .#
#.......# .#
###.....# .# #.#####
.# #.###### #.......


You could see an adder.

Vanquished Creatures
  A worm (D:2)
  2 hobgoblins (D:2)
  A kobold (D:1)
  2 rats (D:1)
6 creatures vanquished.

Notes
Turn   | Place    | Note
--------------------------------------------------------------
     0 | D:1      | M4edhros the Vine Stalker Transmuter began the quest for the Orb.
     0 | D:1      | Reached XP level 1. HP: 9/9 MP: 4/4
     2 | D:1      | Noticed a vampire
     2 | D:1      | Noticed a naga
     4 | D:1      | Noticed an octopode
     4 | D:1      | Noticed a vine stalker
     6 | D:1      | Noticed a spriggan
     9 | D:1      | Noticed an elf
     9 | D:1      | Noticed a merfolk
    11 | D:1      | Noticed a felid
    11 | D:1      | Noticed a centaur
    13 | D:1      | Noticed a troll
    15 | D:1      | Noticed a dwarf
    17 | D:1      | Noticed a minotaur
    19 | D:1      | Noticed a demigod
    19 | D:1      | Noticed an ogre
    21 | D:1      | Noticed a halfling
    21 | D:1      | Noticed a demonspawn
    24 | D:1      | Noticed a ghoul
    24 | D:1      | Noticed a human
    26 | D:1      | Noticed a formicid
    26 | D:1      | Noticed a tengu
    28 | D:1      | Noticed a gargoyle
    28 | D:1      | Noticed a draconian
   176 | D:2      | Reached XP level 2. HP: 11/14 MP: 6/6
   186 | D:2      | Found a shadowy altar of Dithmenos.
   310 | D:3      | Slain by an adder

Action                   || total
-------------------------++-------
Melee: Unarmed           ||    26
       Bite              ||     5
       Kick              ||     4
       Punch             ||     3
 Cast: Beastly Appendage ||     4
  Use: Potion            ||     1
Armor: Robe              ||     2
Dodge: Dodged            ||    17
